Map: Central Protocol

Players

Grumm - Winner!

  • Race: Protoss Protoss
  • League: Gold

owim

  • Race: Zerg Zerg
  • League: Diamond

VOD

Have the link to the VOD?

Description

Time

  • Played on: Jan. 22, 2016, 7:08 p.m.
  • Length: 9:21
Show
View Real Time Build Order
Export as new Build Order

Grumm Protoss - Winner!

Build Orders: 1 Gate Expand, Oracle Opening 

Get SALT Encoding   

  12  0:01  Probe (Chrono Boost)  
  13  0:11  Probe (Chrono Boost)  
  14  0:22  Pylon  
  14  0:24  Probe (Chrono Boost)  
  15  0:41  Gateway, Probe (Chrono Boost)  
  16  0:49  Assimilator  
  16  0:51  Probe (Chrono Boost)  
  17  1:02  Probe (Chrono Boost)  
  18  1:21  Nexus  
  18  1:32  Cybernetics Core  
  18  1:37  Probe (Chrono Boost)  
  19  1:47  Probe (Chrono Boost)  
  19  1:51  Pylon  
  20  1:59  Forge  
  20  2:08  Adept  
  20  2:10  Warp Gate (Chrono Boost)  
  20  2:12  Probe  
  23  2:16  Assimilator  
  23  2:26  Assimilator  
  23  2:32  Photon Cannon  
  23  2:35  Probe  
  23  2:37  Probe  
  25  2:48  Probe  
  25  2:49  Probe  
  27  2:58  Stargate  
  27  3:18  Probe  
  27  3:19  Probe  
  28  3:23  Stargate  
  27  3:28  Stalker  
  27  3:33  Mothership Core  
  29  3:35  Assimilator  
  29  3:37  Probe  
  32  3:50  Probe  
  32  3:53  Probe  
  34  3:56  Oracle  
  34  4:02  Probe  
  38  4:05  Gateway  
  38  4:07  Gateway  
  38  4:09  Probe  
  38  4:14  Probe  
  40  4:18  Adept  
  42  4:28  Pylon  
  42  4:38  Void Ray  
  46  4:45  Probe  
  46  4:46  Probe  
  48  4:59  Probe  
  45  5:00  Probe  
  45  5:02  Void Ray  
  45  5:05  Adept  
  53  5:15  Probe  
  53  5:16  Protoss Air Weapons Level 1 (Chrono Boost)  
  53  5:18  Pylon  
  54  5:23  Pylon  
  54  5:31  Pylon, Protoss Ground Weapons Level 1 (Chrono Boost)  
  54  5:37  Zealot  
  54  5:38  Stalker  
  54  5:41  Sentry  
  60  6:04  Pylon  
  60  6:09  Pylon  
  60  6:12  Void Ray x2  
  60  6:16  Zealot  
  60  6:18  Zealot  
  70  6:53  Stalker x3  
  76  6:55  Void Ray x2  
  84  7:06  Photon Cannon  
  84  7:08  Pylon  
  80  7:43  Stalker  
  80  7:44  Stalker x2  
  84  7:45  Void Ray  
  84  7:46  Void Ray  
  94  8:10  Pylon  
  94  8:13  Pylon  
  94  8:36  Zealot x2  
  94  8:37  Zealot  
  99  8:59  Zealot x2  
Show
View Real Time Build Order
Export as new Build Order

owim Zerg 

Build Orders: Hatch First 

Get SALT Encoding   

  12  0:01  Drone  
  13  0:12  Overlord  
  13  0:17  Drone  
  14  0:30  Drone x2  
  14  0:34  Drone  
  17  0:47  Drone  
  18  1:00  Drone  
  18  1:04  Hatchery  
  18  1:06  Drone  
  19  1:20  Drone, Spawning Pool  
  19  1:28  Drone  
  19  1:29  Extractor  
  19  1:39  Drone  
  20  1:49  Overlord  
  20  2:06  Queen  
  22  2:11  Zergling x2  
  22  2:12  Zergling x2  
  24  2:15  Queen  
  24  2:20  Drone  
  24  2:22  Drone  
  28  2:29  Drone  
  29  2:41  Drone x2  
  29  2:43  Queen  
  33  2:45  Overlord  
  33  2:49  Metabolic Boost  
  33  2:51  Queen  
  33  2:56  Roach Warren  
  33  3:07  Drone x4  
  34  3:24  Lair  
  34  3:25  Drone x4  
  37  3:44  Drone x4  
  37  3:45  Drone x2  
  37  3:47  Overlord  
  43  3:52  Extractor  
  42  3:57  Extractor  
  41  4:04  Roach  
  43  4:18  Hatchery  
  42  4:27  Drone  
  42  4:28  Drone x3  
  42  4:29  Roach x2  
  50  4:40  Zergling x2, Overlord  
  50  4:41  Overlord x4  
  43  5:02  Spore Crawler  
  43  5:05  Spore Crawler  
  43  5:06  Drone x6  
  43  5:07  Drone x2  
  49  5:18  Roach  
  49  5:19  Roach x3  
  57  5:30  Extractor  
  57  5:32  Roach x3  
  62  5:47  Evolution Chamber  
  62  5:48  Drone  
  62  5:49  Drone x2  
  64  5:50  Evolution Chamber  
  64  5:54  Drone x6  
  69  6:10  Glial Reconstitution  
  69  6:21  Drone x2  
  69  6:22  Drone x6  
  69  6:23  Drone  
  78  6:28  Drone x4  
  82  6:36  Roach x2  
  82  6:37  Roach  
  82  6:51  Overlord x3  
  79  6:56  Spore Crawler  
  79  6:59  Extractor  
  79  7:00  Spine Crawler  
  76  7:02  Drone, Spine Crawler  
  76  7:03  Drone x4  
  82  7:15  Roach  
  82  7:16  Roach x5  
  82  7:19  Queen  
  94  7:25  Extractor  
  89  7:38  Hydralisk Den  
  83  7:53  Overlord x3  
  83  7:54  Overlord  
  74  8:15  Lair, Drone  
  74  8:16  Roach x2  
  74  8:17  Roach x6  
  74  8:18  Roach x2  
  75  8:47  Hatchery  
  58  8:48  Drone  
  58  8:49  Drone x6  
Tags
 
Add a new tag
Caveats
  • Supply blocks, unpowered buildings, or Contaminate may cause inaccurate times.
  • Supply counts are checked every 10 seconds.